Map: Overgrowth LE (Void)

Players

Scarlett - Winner!

  • Race: Zerg Zerg
  • Spawn Location: 1:00

Zerghamdi

  • Race: Zerg Zerg
  • League: Master
  • Spawn Location: 7:00

Event: WESG 2016 Finals

VOD

Have the link to the VOD?

Description

Time

  • Played on: Jan. 13, 2017, 2:59 a.m.
  • Length: 6:57

All games in this series

Show
View Real Time Build Order
Export as new Build Order

Scarlett Zerg - Winner!

Build Orders: Pool First 

Get SALT Encoding   

  12  0:01  Drone  
  13  0:12  Overlord  
  13  0:17  Drone  
  14  0:31  Drone x2  
  16  0:35  Drone  
  17  0:44  Extractor  
  17  0:45  Drone  
  17  0:49  Spawning Pool  
  16  0:56  Drone  
  17  1:07  Drone  
  18  1:18  Drone  
  18  1:24  Hatchery  
  18  1:29  Drone  
  19  1:35  Queen  
  19  1:39  Zergling x2  
  22  1:46  Metabolic Boost  
  22  1:51  Overlord  
  22  2:08  Evolution Chamber  
  21  2:09  Drone  
  21  2:11  Queen  
  24  2:18  Drone  
  25  2:27  Zergling x2  
  26  2:37  Queen  
  26  2:38  Drone x2  
  26  2:40  Zerg Melee Weapons Level 1  
  26  2:42  Zergling x2  
  26  2:43  Zergling x2  
  32  2:50  Spine Crawler  
  31  2:53  Zergling x2  
  31  2:56  Zergling x2  
  33  3:02  Baneling Nest  
  32  3:06  Zergling x2  
  32  3:10  Zergling x2  
  25  3:21  Drone x2  
  27  3:29  Drone x2  
  29  3:35  Zergling x2  
  30  3:45  Zergling x6  
  30  3:46  Baneling  
  30  3:47  Baneling  
  30  3:55  Zergling x2  
  30  3:56  Zergling x2  
  30  4:01  Drone  
  26  4:10  Drone  
  26  4:13  Drone  
  28  4:17  Drone  
  28  4:24  Drone x2  
  31  4:28  Drone  
  32  4:39  Zergling x2  
  32  4:40  Zergling x4  
  35  4:51  Zergling x6  
  35  4:54  Overlord  
  35  5:03  Zergling x2  
  35  5:07  Overlord  
  35  5:14  Baneling  
  35  5:20  Zergling x2  
  35  5:21  Zergling x10  
  39  5:35  Zergling x4  
  38  5:39  Zergling x8  
  40  5:45  Zergling x4  
  41  5:55  Baneling  
  41  6:03  Zergling x6  
  41  6:13  Zergling x4  
  41  6:14  Zergling x2  
  43  6:23  Baneling x2  
  43  6:24  Zergling x6  
  44  6:29  Zergling x4  
  46  6:37  Zergling x6  
  46  6:39  Baneling x2  
Show
View Real Time Build Order
Export as new Build Order

Zerghamdi Zerg 

Build Orders: Pool First 

Get SALT Encoding   

  12  0:00  Drone  
  13  0:14  Overlord  
  13  0:17  Drone  
  14  0:33  Drone x2  
  16  0:35  Extractor  
  15  0:42  Spawning Pool  
  15  0:47  Drone  
  15  0:56  Drone  
  16  1:15  Hatchery  
  15  1:29  Zergling x4  
  17  1:35  Queen  
  19  1:43  Metabolic Boost  
  19  1:57  Baneling Nest  
  19  1:59  Zergling x2  
  19  2:02  Zergling x2  
  19  2:07  Zergling x2  
  21  2:11  Zergling x2  
  22  2:20  Overlord  
  22  2:27  Zergling x2  
  23  2:32  Zergling x2  
  24  2:41  Baneling x3  
  24  2:42  Zergling x4  
  26  2:46  Baneling  
  26  2:50  Zergling x2  
  27  2:54  Zergling x2  
  27  2:55  Zergling x2  
  29  3:01  Zergling x2  
  30  3:09  Zergling x4  
  31  3:18  Zergling x4  
  30  3:20  Drone  
  30  3:25  Drone  
  31  3:30  Baneling x2  
  31  3:32  Drone  
  31  3:37  Drone  
  30  3:45  Drone  
  30  3:46  Drone  
  32  3:55  Drone x3  
  26  4:11  Queen  
  26  4:13  Zergling x4  
  26  4:14  Zergling x2  
  30  4:17  Zergling x2  
  30  4:21  Drone  
  30  4:22  Drone  
  33  4:40  Zergling x2  
  33  4:41  Zergling x4  
  33  4:42  Overlord x2  
  27  5:03  Zergling x4  
  27  5:04  Drone  
  27  5:05  Drone x3  
  27  5:07  Queen  
  33  5:10  Baneling  
  33  5:13  Zergling x4  
  37  5:15  Zergling x2  
  37  5:16  Baneling  
  37  5:19  Zergling x4  
  37  5:23  Zergling x2  
  37  5:26  Zergling x2  
  33  5:29  Zergling x2  
  33  5:34  Zergling x4  
  31  5:40  Zergling x2  
  31  5:41  Zergling x2  
  29  5:48  Zergling x2  
  29  5:49  Baneling  
  30  5:51  Drone  
  30  5:58  Zergling x2  
  27  6:08  Zergling x2  
  25  6:12  Zergling x4  
  25  6:15  Zergling x4  
  25  6:16  Zergling x2  
  29  6:19  Zergling x2  
  25  6:27  Zergling x2  
  24  6:36  Zergling x4  
Tags
 
Add a new tag
Caveats
  • Supply blocks, unpowered buildings, or Contaminate may cause inaccurate times.
  • Supply counts are checked every 10 seconds.